 Dungeon Crawl Stone Soup version 0.14.0-17-gc0b17a5 (webtiles) character file.

204812 Aelig the Imperceptible (level 17, -32/124 (128) HPs)
             Began as a Vampire Enchanter on Apr 17, 2014.
             Was the Champion of Dithmenos.
             Killed by the air
             ... invoked by a spriggan air mage
              (36 damage)
             ... on Level 1 of the Depths on Apr 18, 2014.
             The game lasted 05:31:59 (46168 turns).

Aelig the Imperceptible (Vampire Enchanter)        Turns: 46168, Time: 05:32:00

HP -32/124 (128) AC  0     Str  4      XL: 17   Next: 92%
MP  22/32        EV 37     Int 18 (19) God: Dithmenos [******]
Gold 2986        SH  0     Dex 20      Spells:  8 memorised,  4 levels left

rFire  . . .     SeeInvis +     p - melded +4,+6 dagger (venom)
rCold  + . .     Clarity  .     k - melded +2 robe {rC+ rF+}
rNeg   + + .     Conserve +     l - melded +2 buckler {rC+}
rPois  +         rCorr    .     F - melded +1 hat
rElec  .         rRot     +     M - melded -1 cloak of Ylyukk {rElec Int+3 SInv}
SustAb . .       Spirit   .     q - melded +1 pair of gloves
rMut   .         Warding  .     G - melded +0 pair of boots
Saprov . . .     Stasis   .     D - amulet of conservation
MR     +....                    b - melded +5 ring of dexterity
                                L - melded +4 ring of evasion

@: bat-form, regenerating slowly, flying, very slightly contaminated, wreathed
by umbra, very quick, somewhat resistant to hostile enchantments, uncannily
stealthy
A: bottle blood, (fangs 0), see invisible, (unbreathing)
a: Bottle Blood, End Transformation, Shadow Step, Shadow Form, Renounce Religion
}: 1/15 runes: serpentine


You were on level 1 of the Depths.
You worshipped Dithmenos.
Dithmenos was exalted by your worship.
You were very thirsty.
You were in vampire bat-form.
You visited 7 branches of the dungeon, and saw 40 of its levels.
You also visited: Volcano.

You collected 4098 gold pieces.
You spent 1112 gold pieces at shops.

Inventory:

Hand weapons
 e - a +0,+0 cutlass of venom
 p - a +4,+6 dagger of venom (melded)
Armour
 k - a +2 robe of resistance (melded)
 l - a +2 buckler of cold resistance (melded)
 q - a +1 pair of gloves (melded)
 F - a +1 hat (melded)
 G - a +0 pair of boots (melded)
 M - the cursed -1 cloak of Ylyukk (melded) {rElec Int+3 SInv}
   (You found it on level 5 of the Snake Pit)

   It affects your intelligence (+3).
   It insulates you from electricity.
   It enhances your eyesight.
   It has a curse placed upon it.
Magical devices
 f - a wand of digging (10)
Scrolls
 a - 7 scrolls of identify
 d - 4 scrolls of remove curse
 j - a scroll of enchant weapon II
 n - a scroll of fear {unknown}
 s - 2 scrolls of teleportation
 v - a scroll of magic mapping
 x - a scroll of fog
 E - a scroll of silence
Jewellery
 b - a +5 ring of dexterity (melded)
 c - an uncursed ring of sustenance
 y - an uncursed ring of teleportation
 D - an amulet of conservation (around neck)
 L - a +4 ring of evasion (melded)
 N - an uncursed amulet of stasis
 S - an uncursed ring of sustain abilities
Potions
 g - a potion of resistance
 h - 4 potions of curing
 i - a potion of brilliance
 m - 4 potions of blood
 t - 2 potions of invisibility
 u - 5 potions of heal wounds
 w - 2 potions of magic
 B - a potion of haste
 I - a potion of agility
Books
 o - a book of the Sky

   Spells                             Type                      Level
   Flight                             Charms/Air                   3
   Airstrike                          Air                          4
   Silence                            Hexes/Air                    5
   Deflect Missiles                   Charms/Air                   6
   Conjure Ball Lightning             Conjuration/Air              6
   Tornado                            Air                          9


   Skills:
 - Level 10.0 Fighting
 * Level 8.6 Short Blades
 - Level 0.7 Throwing
 * Level 16.6 Dodging
 - Level 21.1 Stealth
 - Level 7.0 Shields
 - Level 8.0 Spellcasting
 - Level 18.0 Hexes
 - Level 8.2 Translocations
 - Level 6.0 Transmutations
 - Level 6.0 Ice Magic
 - Level 4.0 Earth Magic
 - Level 2.1 Invocations


You had 4 spell levels left.
You knew the following spells:

 Your Spells              Type           Power        Failure   Level  Hunger
a - Apportation           Tloc           #####.....   3%          1    None
b - Ensorcelled Hibernat  Hex/Ice        ######       1%          2    None
c - Confuse               Hex            ######..     1%          3    #......
d - Passwall              Trmt/Erth      ####......   12%         3    #......
e - Darkness              Hex            ######....   17%         7    #######
f - Invisibility          Hex            ######..     4%          6    ######.
g - Passage of Golubria   Tloc           N/A          12%         4    ###....
h - Repel Missiles        Chrm/Air       #.....       32%         2    None


Dungeon Overview and Level Annotations

Branches:
Dungeon (15/15)            Temple (1/1) D:7             Orc (4/4) D:10
    Elf (0/3) Orc:3          Lair (8/8) D:10          Swamp (4/5) Lair:4
  Snake (5/5) Lair:4        Slime (0/6) Lair:7       Vaults (0/5) D:14
 Depths (3/5) D:15

Altars:
Ashenzari
Cheibriados
Dithmenos
Elyvilon
Fedhas
Kikubaaqudgha
Makhleb
Nemelex Xobeh
Okawaru
Sif Muna
Trog
Vehumet
Xom
Yredelemnul
The Shining One
Beogh

Shops:
D:5 ?   D:9 }   D:14 }   D:15 ?   Orc:2 (   Orc:4 (*:[=   Snake:5 (

Portals:
Hell: Depths:1

Annotations:
D:5 exclusion: downstairs
D:7 exclusion: downstairs
D:9 exclusion: downstairs
Lair:7 exclusion: downstairs
Swamp:2 Jorgrun
Snake:4 2 exclusions, Norris


Innate Abilities, Weirdness & Mutations

You heal slowly.
You can bottle blood from corpses.
((You have razor-sharp teeth.))*
You have supernaturally acute eyesight.
((You can survive without breathing.))*


Message History

You catch a bit of a chill.
Your +2 robe of resistance melds into your body.
You feel hot and cold all over.
Your +4 ring of evasion melds into your body.
Your +5 ring of dexterity melds into your body.
You feel clumsy.
An air elemental merges itself into the air.
An air elemental forms itself from the air!
The spriggan air mage gestures wildly while chanting.
The winds start to flow at the spriggan air mage's will.
An air elemental merges itself into the air.
An air elemental forms itself from the air!
An air elemental merges itself into the air.
An air elemental forms itself from the air!
The air elemental completely misses you.
An air elemental merges itself into the air.
An air elemental forms itself from the air!
The spriggan air mage waves its arms in wide circles.
The air twists around and violently strikes you in flight!
You die...

#####...###############...######
#.........(...............§§§§§.
#......................(.§§§§§..
#...........[.............§§§§..
###########...###########..i§...
#...# #.§zE§.. #...# #.§.§§..
###########...###########..§§...
#..............bE....i.z........
##.....<..........E..............
...[.............................
#########...#########...#########
#...# #...# #...# #...# #...#
#...# #...# #...# #...# #...#


You could see a spriggan air mage, 2 air elementals and a raven zombie.

Vanquished Creatures
  Saint Roka (Snake:5)
  6 greater nagas
  An orc warlord (Orc:4)
  An emperor scorpion (Depths:1)
  A stone giant (Depths:1)
  A dire elephant (Depths:1)
  An ettin (Depths:1)
  2 fire dragons
  Fannar (D:12)
  Harold (Lair:4)
  8 hydras
  17 naga warriors
  10 anacondas
  Erica (Lair:1)
  2 ogre magi
  3 tengu warriors (D:15)
  An orc high priest (Orc:4)
  4 centaur warriors
  8 shock serpents
  13 naga sharpshooters
  An iron troll (Depths:1)
  A deep elf knight (Depths:1)
  A skeletal warrior (D:13)
  A giant orange brain (Depths:2)
  An unseen horror (shapeshifter) (Depths:1)
  A deep troll (D:15)
  7 unseen horrors
  An orb spider (shapeshifter) (D:14)
  3 salamander mystics
  6 sea snakes (Snake:5)
  3 wizards (D:15)
  A swamp dragon (Swamp:1)
  9 mana vipers
  9 naga ritualists
  Pikel (D:4)
  4 orc knights
  A wolf spider zombie (D:12)
  2 manticores
  17 salamanders
  2 red wasps
  5 hill giants
  2 griffons (D:15)
  3 orc sorcerers (Orc:4)
  A draconian (shapeshifter) (D:13)
  A moth of wrath (shapeshifter) (D:14)
  4 elephants (Lair:7)
  The ghost of nht the Cloud Mage, an experienced HEAE of Nemelex Xobeh (D:6)
  4 guardian serpents
  44 black mambas
  20 naga magi
  3 tengu conjurers
  A queen ant (Lair:5)
  30 spiny frogs
  An efreet (D:13)
  A centaur zombie (D:15)
  2 kobold demonologists (D:15)
  Grinder (D:3)
  A boggart (shapeshifter) (D:14)
  A centaur skeleton (D:10)
  A polar bear (Lair:7)
  A giant firefly (Swamp:1)
  9 giant leeches
  7 trolls
  A polar bear (shapeshifter) (D:15)
  2 fire drakes
  Sonja (D:12)
  A fire drake (shapeshifter) (Depths:1)
  Prince Ribbit (D:4)
  11 ravens
  7 komodo dragons
  24 blink frogs
  6 slime creatures (Swamp:3)
  4 two-headed ogres
  12 bog bodies
  5 basilisks
  A formicid (shapeshifter) (D:15)
  A water elemental (D:12)
  3 elephant slugs
  4 sharks
  6 humans (Volcano)
  2 thorn lotuses (Swamp:2)
  2 wraiths
  25 vampire mosquitoes
  27 ugly things
  4 deep elf magi
  17 yaks
  6 shadows
  A wyvern (D:12)
  3 toenail golems (Volcano)
  2 spriggans
  11 hippogriffs
  Grum (D:8)
  A hippogriff (shapeshifter) (Depths:1)
  A hungry ghost (D:14)
  17 wolves
  2 wargs
  55 nagas
  12 swamp worms
  20 soldier ants (Lair:5)
  37 water moccasins
  3 black bears
  32 orc warriors
  11 ogres
  3 sky beasts
  2 slaves (D:4)
  A phantom (Swamp:4)
  4 swamp drakes
  3 giant goldfish
  4 ice beasts
  9 porcupines
  11 centaurs
  3 boring beetles (D:10)
  10 crocodiles
  6 giant slugs
  A big kobold (shapeshifter) (D:14)
  4 big kobolds
  A brain worm (D:12)
  Blork the orc (Orc:1)
  A yaktaur zombie (D:15)
  25 giant frogs
  4 insubstantial wisps (Swamp:1)
  An eye of draining (D:12)
  3 killer bees
  3 wights (D:9)
  2 scorpions
  A hippogriff zombie (D:8)
  6 electric eels
  4 crimson imps
  2 goliath beetles (D:10)
  13 hounds
  A quasit (D:9)
  8 jellies
  30 orc wizards
  26 orc priests
  A yellow wasp zombie (D:12)
  6 big fish
  A gnoll shaman (D:10)
  11 iguanas
  29 worker ants
  6 sheep (Lair:4)
  An ogre skeleton (D:6)
  Terence (D:2)
  2 hound skeletons
  A mummy (D:14)
  5 gnolls (D:10)
  25 green rats
  33 adders
  A scorpion zombie (D:5)
  An orc zombie (D:10)
  4 giant mites
  5 shadow imps
  A goliath beetle zombie (D:8)
  2 worms
  2 giant eyeballs
  10 giant geckos
  An ooze (D:3)
  165 orcs
  4 ball pythons
  A bat skeleton (D:4)
  5 giant cockroaches
  20 goblins
  23 hobgoblins
  35 kobolds
  12 quokkas
  16 bats
  6 giant newts
  A giant spore (D:12)
  34 jackals
  A kobold skeleton (D:6)
  20 rats
  A ballistomycete (D:12)
  3 plants (Lair:1)
1370 creatures vanquished.

Vanquished Creatures (collateral kills)
  A kobold (D:14)
1 creature vanquished.

Vanquished Creatures (others)
  An orc wizard (Orc:4)
  3 orcs
  14 fungi
  25 plants
43 creatures vanquished.

Grand Total: 1414 creatures vanquished

Notes
Turn   | Place    | Note
--------------------------------------------------------------
     0 | D:1      | Aelig, the Vampire Enchanter, began the quest for the Orb.
     0 | D:1      | Reached XP level 1. HP: 13/13 MP: 3/3
   180 | D:1      | Reached skill level 5 in Hexes
   264 | D:1      | Reached XP level 2. HP: 19/19 MP: 4/4
  1047 | D:2      | Reached skill level 6 in Hexes
  1047 | D:2      | Reached XP level 3. HP: 12/24 MP: 3/6
  1270 | D:2      | Learned a level 2 spell: Ensorcelled Hibernation
  1274 | D:2      | Learned a level 3 spell: Confuse
  1657 | D:2      | Reached skill level 7 in Hexes
  1802 | D:2      | Reached XP level 4. HP: 17/30 MP: 4/7
  2574 | D:3      | Noticed Grinder
  3043 | D:3      | Noticed Terence
  3226 | D:2      | Killed Terence
  3226 | D:2      | Reached skill level 8 in Hexes
  3843 | D:4      | Reached XP level 5. HP: 31/35 MP: 6/9
  4161 | D:5      | Entered Level 5 of the Dungeon
  4393 | D:5      | Found Cerhu's Magic Scroll Shoppe.
  4412 | D:5      | Bought a scroll of teleportation for 36 gold pieces
  4412 | D:5      | Bought a scroll of fog for 24 gold pieces
  4487 | D:4      | Reached skill level 9 in Hexes
  4655 | D:4      | Noticed a slave
  4939 | D:5      | Reached skill level 1 in Ice Magic
  4974 | D:6      | Noticed nht's ghost (experienced HEAE)
  5161 | D:5      | Reached XP level 6. HP: 41/41 MP: 10/10
  5669 | D:5      | Reached skill level 5 in Stealth
  6557 | D:6      | Noticed a sky beast
  6561 | D:6      | Killed a sky beast
  6561 | D:6      | Reached XP level 7. HP: 46/46 MP: 9/12
  6581 | D:6      | Noticed an orc warrior
  6969 | D:6      | Noticed an ice beast
  6991 | D:6      | Killed an ice beast
  7227 | D:7      | Found a staircase to the Ecumenical Temple.
  7273 | Temple   | Entered the Ecumenical Temple
  7668 | D:7      | Reached skill level 10 in Stealth
  7668 | D:7      | Reached XP level 8. HP: 52/52 MP: 13/13
  7953 | D:8      | Noticed Grum
  8160 | D:8      | Reached skill level 5 in Ice Magic
  8191 | D:8      | Reached skill level 11 in Stealth
  8558 | D:8      | Found a bloodstained altar of Trog.
  8563 | D:8      | Reached skill level 12 in Stealth
  8915 | D:8      | Reached skill level 13 in Stealth
  8915 | D:8      | Reached XP level 9. HP: 57/57 MP: 10/15
  9030 | D:9      | Upgraded the game from 0.14.0-12-g87ee3b7 to 0.14.0-15-g6b16f67
  9149 | D:3      | Paralysed by Grinder for 4 turns
  9165 | D:3      | Killed Grinder
  9283 | D:4      | Found a shadowy altar of Dithmenos.
  9289 | D:4      | Became a worshipper of Dithmenos the Shadowed
  9339 | D:4      | Noticed a slave
  9340 | D:4      | Noticed Prince Ribbit
  9340 | D:4      | Noticed Pikel
  9351 | D:4      | Killed a slave
  9372 | D:4      | Killed a slave
  9391 | D:4      | Killed Prince Ribbit
  9412 | D:4      | Noticed a slave
  9412 | D:4      | Noticed a slave
  9414 | D:4      | Killed Pikel
  9414 | D:4      | Reached skill level 14 in Stealth
  9414 | D:4      | Reached skill level 10 in Hexes
 10021 | D:8      | Killed Grum
 10028 | D:8      | Reached skill level 5 in Spellcasting
 10095 | D:9      | Found Miuhih's Gadget Emporium.
 10130 | D:10     | Entered Level 10 of the Dungeon
 10195 | D:9      | Reached XP level 10. HP: 59/63 MP: 13/22
 10565 | D:9      | Paralysed by a giant eyeball for 2 turns
 11515 | D:10     | Acquired Dithmenos' first power
 11686 | D:10     | Noticed an unseen horror
 11691 | D:10     | Killed an unseen horror
 11725 | D:10     | Noticed a tengu warrior
 11747 | D:10     | Found a staircase to the Orcish Mines.
 11882 | D:10     | Found a roughly hewn altar of Beogh.
 12066 | D:11     | Noticed a guardian serpent
 12068 | D:11     | Killed a guardian serpent
 12068 | D:11     | Reached XP level 11. HP: 65/68 MP: 25/27
 12576 | D:10     | Found a staircase to the Lair.
 12818 | D:10     | Noticed an eight-headed hydra
 12825 | D:10     | HP: 3/68 [tengu warrior/ bolt (7)]
 13111 | D:9      | Reached skill level 1 in Invocations
 13242 | Lair:1   | Entered Level 1 of the Lair of Beasts
 13242 | Lair:1   | Noticed a six-headed hydra
 13256 | Lair:1   | Reached skill level 5 in Dodging
 13505 | Lair:1   | Noticed Erica
 13726 | Lair:3   | Acquired Dithmenos' second power
 13987 | Lair:3   | Reached skill level 15 in Stealth
 14320 | Lair:3   | Acquired Dithmenos' third power
 14811 | Lair:4   | Noticed Harold
 14813 | Lair:4   | Found a staircase to the Snake Pit.
 14893 | Lair:4   | Found a staircase to the Swamp.
 15042 | Lair:5   | Reached skill level 16 in Stealth
 15134 | Lair:5   | Reached XP level 12. HP: 74/74 MP: 28/28
 15208 | Lair:5   | Acquired Dithmenos' fourth power
 15266 | Lair:5   | Reached skill level 17 in Stealth
 16095 | Lair:6   | Learned a level 1 spell: Apportation
 16119 | Lair:6   | Learned a level 3 spell: Passwall
 16132 | Lair:6   | Reached skill level 5 in Short Blades
 16209 | Lair:6   | Reached skill level 18 in Stealth
 16307 | Lair:6   | Reached skill level 1 in Translocations
 16474 | Lair:7   | Found a dark tunnel.
 16483 | Volcano  | Entered a volcano
 16876 | Lair:2   | Identified Cigotuvi's Handbook of Earthen Changing
 17427 | Lair:2   | Noticed a four-headed hydra
 18623 | Lair:7   | Reached skill level 10 in Dodging
 18957 | Lair:7   | Reached XP level 13. HP: 79/79 MP: 29/29
 18977 | Lair:7   | Noticed a six-headed hydra
 18984 | Lair:7   | Killed a six-headed hydra
 19064 | Lair:8   | Entered Level 8 of the Lair of Beasts
 19092 | Lair:8   | HP: 2/79 [eight-headed hydra (11)]
 20270 | Lair:8   | Reached skill level 5 in Translocations
 21590 | Lair:2   | Killed a four-headed hydra
 21607 | Lair:1   | Killed Erica
 21612 | Lair:1   | Killed a six-headed hydra
 21921 | Lair:1   | Learned a level 7 spell: Darkness
 22075 | Temple   | Learned a level 6 spell: Invisibility
 22179 | Orc:1    | Entered Level 1 of the Orcish Mines
 22185 | Orc:1    | Noticed Blork the orc
 22191 | Orc:1    | Killed Blork the orc
 22858 | Lair:1   | Learned a level 4 spell: Passage of Golubria
 23052 | D:6      | Killed nht's ghost
 23056 | D:6      | Killed an orc warrior
 23229 | Orc:2    | Found Ahathrat's Antique Weapon Shop.
 23707 | Orc:2    | Reached XP level 14. HP: 85/85 MP: 27/30
 24489 | Orc:3    | Found a staircase to the Elven Halls.
 24742 | Orc:4    | Entered Level 4 of the Orcish Mines
 24760 | Orc:4    | Found a roughly hewn altar of Beogh.
 24764 | Orc:4    | Noticed an orc warlord
 24766 | Orc:4    | Found Pruixeoc's Book Emporium.
 24828 | Orc:4    | Reached skill level 15 in Hexes
 25183 | Orc:4    | Killed an orc warlord
 25283 | Orc:4    | Found Fyxidgha's Jewellery Shoppe.
 25610 | Orc:4    | Found Gremiadu's Antique Armour Emporium.
 25636 | Orc:4    | Found Loanu's General Store.
 25654 | Orc:4    | Found Avaubb's Antique Weapon Emporium.
 25850 | Orc:4    | Found a roughly hewn altar of Beogh.
 26432 | Orc:4    | Bought an encrusted leather armour for 203 gold pieces
 26439 | Orc:4    | Identified the +0 leather armour "Blekk" {Dex-3 Int+5} (You bought it in a shop on level 4 of the Orcish Mines)
 26712 | Orc:4    | Bought a +5 ring of dexterity for 741 gold pieces
 26834 | D:12     | Noticed an unseen horror
 26849 | D:12     | Killed an unseen horror
 27028 | D:12     | Noticed a manticore
 27038 | D:12     | Killed a manticore
 27052 | D:12     | Noticed Fannar
 27058 | D:12     | Killed Fannar
 27082 | D:12     | Noticed Sonja
 27675 | D:12     | Killed Sonja
 29144 | D:14     | Found a gate to the Vaults.
 29380 | D:14     | Found Kifrailo's Gadget Shop.
 29428 | D:15     | Entered Level 15 of the Dungeon
 29436 | D:15     | Reached skill level 1 in Fighting
 30308 | D:15     | Identified the Handbook of Dhcmrlchtdj
 30319 | D:15     | Identified the Papyrus of Combed Thunderclap
 30411 | D:15     | Reached skill level 15 in Dodging
 30555 | D:15     | Reached XP level 15. HP: 98/98 MP: 28/30
 30816 | D:15     | Reached skill level 1 in Shields
 30834 | D:15     | Found Kait's Magic Scroll Emporium.
 30843 | D:15     | Bought a scroll of teleportation for 54 gold pieces
 30843 | D:15     | Bought a scroll of teleportation for 54 gold pieces
 30902 | D:15     | Identified Ts'ui Pên's Papyrus of Forking Paths
 30906 | D:15     | Learned a level 2 spell: Repel Missiles
 30958 | D:15     | Found a staircase to the Depths.
 31431 | Lair:4   | Killed Harold
 31471 | Lair:4   | Upgraded the game from 0.14.0-15-g6b16f67 to 0.14.0-17-gc0b17a5
 31472 | Swamp:1  | Entered Level 1 of the Swamp
 31808 | Swamp:1  | Reached skill level 5 in Fighting
 32311 | Swamp:2  | Noticed Jorgrun
 32721 | Swamp:2  | You fall through a shaft!
 32931 | Swamp:3  | Reached skill level 5 in Shields
 34696 | Lair:1   | Identified a +0 rod of destruction (12/12) (You found it on level 4 of the Swamp)
 34777 | Snake:1  | Entered Level 1 of the Snake Pit
 35650 | Snake:2  | Found a white marble altar of Elyvilon.
 35804 | Snake:2  | Reached XP level 16. HP: 80/118 MP: 0/31
 37424 | Snake:3  | Reached skill level 10 in Fighting
 38289 | Snake:5  | Entered Level 5 of the Snake Pit
 38329 | Snake:4  | Noticed Norris
 38505 | Snake:4  | Got a bloodstained robe
 38514 | Snake:4  | Identified the +0 robe of Thokkezoro {rC+} (You found it on level 4 of the Snake Pit)
 38546 | Snake:4  | Identified a +0 rod of the swarm (12/12) (You found it on level 4 of the Snake Pit)
 39080 | Snake:4  | Reached skill level 19 in Stealth
 39613 | Snake:5  | Noticed Saint Roka
 39708 | Snake:5  | Reached skill level 1 in Transmutations
 40162 | Snake:5  | Reached skill level 5 in Transmutations
 40477 | Snake:5  | Found Nilanodi's Antique Weapon Shop.
 40586 | Snake:5  | Reached XP level 17. HP: 125/125 MP: 27/32
 40688 | Snake:5  | Reached skill level 1 in Earth Magic
 40736 | Snake:5  | Got a smoking cloak
 40740 | Snake:5  | Identified the cursed -1 cloak of Ylyukk {rElec Int+3 SInv} (You found it on level 5 of the Snake Pit)
 41098 | Snake:5  | Got a jade-encrusted ring mail
 41110 | Snake:5  | Identified the +3 ring mail of the Seven Runes {rC+ SInv} (You found it on level 5 of the Snake Pit)
 42180 | Snake:5  | Reached skill level 20 in Stealth
 42492 | Snake:5  | Killed Saint Roka
 43148 | Snake:5  | Reached skill level 21 in Stealth
 43846 | Snake:5  | Got a serpentine rune of Zot
 44669 | Lair:7   | Found a staircase to the Slime Pits.
 44669 | Lair:7   | Noticed an azure jelly
 44971 | Depths:1 | Entered Level 1 of the Depths
 45014 | Depths:1 | Found a gateway to Hell.
 46161 | Depths:1 | HP: 3/124 [air elemental[a spriggan air mage] (5)]
 46168 | Depths:1 | Killed from afar by a spriggan air mage

Action                   |  1- 3 |  4- 6 |  7- 9 | 10-12 | 13-15 | 16-18 || total
-------------------------+-------+-------+-------+-------+-------+-------++-------
Melee: Dagger            |   144 |   282 |   125 |   744 |  1080 |   439 ||  2814
       Unarmed           |       |       |       |       |     1 |       ||     1
       Rod               |       |       |       |       |       |     1 ||     1
 Cast: Corona            |    28 |    59 |     2 |       |       |       ||    89
       Ensorcelled Hiber |     1 |    24 |    40 |   178 |   389 |   371 ||  1003
       Confuse           |       |    13 |     7 |    16 |   133 |    63 ||   232
       Apportation       |       |       |       |       |     9 |     3 ||    12
       Passage of Golubr |       |       |       |       |     2 |       ||     2
       Invisibility      |       |       |       |       |     6 |    23 ||    29
       Darkness          |       |       |       |       |     3 |    21 ||    24
       Repel Missiles    |       |       |       |       |     1 |     2 ||     3
 Abil: Bat Form          |       |     8 |     6 |    10 |    21 |    21 ||    66
       End Transformatio |       |     8 |     6 |    10 |    21 |    20 ||    65
       Bottle Blood      |       |       |    12 |    27 |    36 |    16 ||    91
Evoke: Wand              |       |     4 |     4 |     4 |     4 |     1 ||    17
  Use: Scroll            |       |       |     6 |    26 |    15 |     3 ||    50
       Potion            |       |       |     3 |     9 |    10 |     8 ||    30
 Stab: Sleeping          |     1 |    14 |    47 |   232 |   439 |   240 ||   973
       Confused          |       |     6 |     7 |     8 |    44 |    11 ||    76
       Paralysed         |       |       |     1 |       |       |       ||     1
       Distracted        |       |       |       |     3 |     4 |     2 ||     9
       Invisible         |       |       |       |       |     1 |     1 ||     2
